 Dungeon Crawl Stone Soup version 0.19-a0-1820-gbf060b2 (webtiles) character file.

167964 Bekkur the Spry (level 17, -7/133 HPs)
             Began as a Demonspawn Artificer on Oct 4, 2016.
             Mangled by a slime creature (19 damage)
             ... while paralysed by a floating eye
             ... on level 4 of the Pits of Slime on Oct 6, 2016.
             The game lasted 02:56:43 (29527 turns).

Bekkur the Spry (Demonspawn Artificer)             Turns: 29527, Time: 02:56:43

Health: -7/133     AC:  7    Str: 17    XL:     17   Next: 32%
Magic:  29/29      EV:  2    Int: 12    God:
Gold:   2201       SH:  0    Dex: 27    Spells: 0 memorised, 16 levels left

rFire  + . .     SeeInvis +     a - +8 falchion of Circularity {freeze, rN+ Dex+7}
rCold  + + .     Gourm    .     M - +1 robe "Ygruobb" {Regen+ MP+9} (curse)
rNeg   + . .     Faith    .     x - +1 buckler
rPois  .         Spirit   .     (helmet unavailable)
rElec  +         Dismiss  .     Q - +0 cloak "Naefuuf" {MR+}
rCorr  +         Reflect  .     s - +1 pair of gloves "Deutizo" {-Cast Regen+ Dex+3}
MR     +++..     Harm     .     q - +0 pair of boots of Niepn {Regen+}
Stlth  ++++++.... Rnd*Rage +    L - amulet of regeneration NoCast +
                                t - ring of resist corrosion
                                n - +6 ring of evasion

@: paralysed, exhausted, slowed, studying 2 skills, repel missiles
A: antennae 3, repulsion field 3, berserk 2, clumsy 1, cold resistance 2, fire
resistance 1, low mp 1, magic resistance 1, nightstalker 1, powered by pain 1,
electricity resistance, strong 1, subdued magic 2, MP-powered wands
a: no special abilities


You were on level 4 of the Pits of Slime.
You were not hungry.

You visited 6 branches of the dungeon, and saw 29 of its levels.
You also visited: Labyrinth, Ice Cave and Volcano.

You collected 2533 gold pieces.
You spent 332 gold pieces at shops.

Inventory:

Hand Weapons
 a - the +8 falchion of Circularity (weapon) {freeze, rN+ Dex+7}
   (You found it on level 7 of the Dungeon)

   It has been specially enchanted to freeze those struck by it, causing extra
   injury to most foes and up to half again as much damage against particularly
   susceptible opponents.
   It can also slow down cold-blooded creatures.
   It affects your dexterity (+7).
   It protects you from negative energy.
 b - the +0 dagger of the Foremost Moons {pierce, rElec Str-4 Int+4 Dex+2}
   (You bought it in a shop on level 7 of the Dungeon)

   It inflicts extra damage upon your enemies.
   It affects your strength (-4).
   It affects your intelligence (+4).
   It affects your dexterity (+2).
   It insulates you from electricity.
 D - a +2 long sword of flaming
Armour
 g - a +2 cloak of magic resistance
 p - a +0 pair of gloves
 q - the +0 pair of boots of Niepn (worn) {Regen+}
   (You bought it in a shop on level 7 of the Dungeon)

   It increases your rate of regeneration.
 s - the +1 pair of gloves "Deutizo" (worn) {-Cast Regen+ Dex+3}
   (You took it off Nikola on level 1 of the Elven Halls)

   It affects your dexterity (+3).
   It prevents spellcasting.
   It increases your rate of regeneration.
 x - a +1 buckler (worn)
 M - the cursed +1 robe "Ygruobb" (worn) {Regen+ MP+9}
   (You found it on level 6 of the Lair of Beasts)

   It affects your magic capacity (+9).
   It increases your rate of regeneration.
   It has a curse placed upon it.
 Q - the +0 cloak "Naefuuf" (worn) {MR+}
   (You acquired it on level 14 of the Dungeon)

   It affects your resistance to hostile enchantments.
 W - a +2 leather armour of magic resistance
Rods
 e - a +6 lightning rod (12/12)
   (You found it in a labyrinth)
Jewellery
 i - a cursed amulet of inaccuracy {unknown}
 n - a +6 ring of evasion (left hand)
 t - a ring of resist corrosion (right hand)
 L - an amulet of regeneration (around neck)
 Y - a +6 ring of strength
Wands
 h - a wand of polymorph (1/24)
 o - a wand of enslavement (15/24)
 J - a wand of iceblast (0/15)
 N - a wand of slowing (13/48)
 O - a wand of teleportation (3/9)
 X - a wand of lightning (3/15)
Scrolls
 k - 3 scrolls of identify
 l - a scroll of recharging
 u - 3 scrolls of enchant weapon
 w - a scroll of fog
 y - 3 scrolls of fear
 H - a scroll of teleportation
Potions
 j - 4 potions of might
 r - a potion of cure mutation
 z - 2 potions of cancellation
 B - 3 potions of resistance
 G - a potion of invisibility
 K - 3 potions of brilliance
 R - a potion of curing
 S - a potion of agility
 U - a potion of flight
Books
 d - a manual of Staves
 C - a book of the Sky

   Spells                             Type                      Level
   a - Summon Lightning Spire         Summoning/Air                4
   b - Airstrike                      Air                          4
   c - Silence                        Hexes/Air                    5
   d - Deflect Missiles               Charms/Air                   6
   e - Conjure Ball Lightning         Conjuration/Air              6
   f - Tornado                        Air                          9
 T - a book of Death

   Spells                             Type                      Level
   a - Corpse Rot                     Necromancy                   2
   b - Sublimation of Blood           Necromancy                   2
   c - Agony                          Necromancy                   5
   d - Dispel Undead                  Necromancy                   5
   e - Excruciating Wounds            Charms/Necromancy            5
   f - Bolt of Draining               Conjuration/Necromancy       5
 V - a book of the Tempests

   Spells                             Type                      Level
   a - Static Discharge               Conjuration/Air              3
   b - Lightning Bolt                 Conjuration/Air              5
   c - Fireball                       Conjuration/Fire             5
   d - Tornado                        Air                          9
   e - Shatter                        Earth                        9
 Z - a manual of Unarmed Combat
Miscellaneous
 A - a fan of gales
 I - a phial of floods
 P - a box of beasts
Comestibles
 f - 16 bread rations
 m - 4 meat rations
 E - 10 royal jellies
 F - 13 fruits


   Skills:
 + Level 11.6 Fighting
 - Level 6.9(12.4) Short Blades
 - Level 15.8(16.3) Long Blades
 - Level 16.0 Dodging
 * Level 10.7 Stealth
 - Level 7.0 Shields
 - Level 7.0 Evocations


You had 16 spell levels left.
You didn't know any spells.

Dungeon Overview and Level Annotations

Branches:
Dungeon (14/15)            Temple (1/1) D:7            Lair (6/6) D:8
  Swamp (0/4) Lair:2       Spider (0/4) Lair:2        Slime (4/5) Lair:5
    Orc (2/2) D:11            Elf (2/3) Orc:2        Vaults (0/5) D:13

Altars:
Ashenzari
Cheibriados
Dithmenos
Fedhas
Gozag
Hepliaklqana
Kikubaaqudgha
Makhleb
Nemelex Xobeh
Okawaru
Qazlal
Ru
Sif Muna
Trog
Uskayaw
Vehumet
Xom
Yredelemnul
Zin
The Shining One
Beogh

Shops:
D:7 :[(*   D:9 (   Orc:2 ?[?(   Elf:1 ?}!(=

Portals:
Trove: D:12 (show abyssal rune of Zot)

Annotations:
D:5 TugoseryaHuesosov's ghost, amateur DEAE
D:13 exclusion: orange crystal statue
Slime:4 Dissolution


Innate Abilities, Weirdness & Mutations

You have a pair of large antennae on your head. (SInv)
You are surrounded by a strong repulsion field. (EV +4, RMsl)
Your flesh is very cold resistant. (rC++)
You are slightly more attuned to the shadows.
You sometimes gain a little power by taking damage.
You often lose your temper in combat.
You are clumsy. (Dex -2)
Your flesh is heat resistant. (rF+)
Your magical capacity is low. (-10% MP)
You are resistant to hostile enchantments. (MR+)
You are resistant to electric shocks. (rElec)
Your muscles are strong. (Str +2)
Your spells are easier to cast, but less powerful.
You expend magic power (3 MP) to strengthen your wands.


Message History

You suddenly lose the ability to move!
You are splashed with acid!
The wall burns you! You resist.
* * * LOW HITPOINT WARNING * * *
You are no longer corroded.
The golden eye blinks!
The floating eye's stare focuses on you.
You are splashed with acid!
The wall burns you! You resist.
* * * LOW HITPOINT WARNING * * *
The golden eye blinks at you. You resist with almost no effort.
The golden eye blinks at you.
You easily resist.
Dissolution gurgles.
The golden eye blinks at you. You resist with almost no effort.
You are splashed with acid!
The wall burns you! You resist.
* * * LOW HITPOINT WARNING * * *
The golden eye blinks at you. You resist with almost no effort.
The slime creature hits you!!
You die...

## #..
##....G......#
#...#......J.....#
.................##
.......GJ.........#
#................#
##.#..G.JG......##
##........#.####
####.GJ....###
.##..#.@.#....
........###..##
.##..#.## ##.# ##
###


You could see Dissolution, 2 slime creatures, a shining eye, a floating eye and
2 golden eyes.

Vanquished Creatures
  Nikola (Elf:1)
  Rupert (Lair:6)
  5 acid blobs
  9 azure jellies
  A frost giant (IceCv)
  Nessos (Lair:4)
  A deep elf annihilator (Elf:2)
  The ghost of Proteus the Unseen, a journeyman SpAs of Okawaru (Lair:6)
  A minotaur (Lab)
  A deep elf death mage (Elf:1)
  A deep elf high priest (Elf:1)
  2 death oozes
  2 great orbs of eyes (Slime:1)
  A vault guard (D:13)
  Harold (Lair:3)
  5 hydras
  A merfolk avatar (Lair:6)
  3 centaur warriors
  16 death yaks
  A tengu warrior (D:12)
  8 dancing weapons
  Urug (Lair:2)
  4 orc high priests (Orc:2)
  The ghost of drd the Covert, a novice OpAs of Hepliaklqana (D:9)
  6 deep elf knights
  3 unseen horrors
  A sea snake (Lair:6)
  6 hill giants
  2 harpies (Lair:6)
  5 deep elf archers
  A shambling mangrove (Lair:5)
  6 orc knights
  25 deep elf magi
  4 orc sorcerers
  2 ugly things
  5 shining eyes
  2 cyclopes
  A manticore (Lair:6)
  8 elephants
  2 centaur zombies
  2 black mambas (Lair:6)
  2 eyes of devastation (Slime:1)
  Maurice (Orc:2)
  13 spiny frogs
  3 centaur skeletons
  An ice statue (IceCv)
  8 rime drakes
  2 kobold demonologists (D:13)
  An efreet (D:13)
  5 komodo dragons
  2 wandering mushrooms (Lair:5)
  A redback zombie (D:13)
  5 trolls
  A troll (shapeshifter) (D:13)
  A wind drake (Lair:6)
  9 hornets
  72 slime creatures
  15 polar bears
  4 dream sheep (Lair:5)
  7 hippogriffs
  4 air elementals
  A spriggan (shapeshifter) (Elf:2)
  A water elemental (Elf:1)
  3 fire bats (Lair:3)
  3 wyverns
  A vampire (D:14)
  A fire elemental (Elf:1)
  93 yaks
  7 golden eyes (Slime:2)
  2 basilisks
  Grum (D:8)
  2 hungry ghosts
  2 soldier ants (D:8)
  14 water moccasins
  14 porcupines
  8 ice beasts (D:12)
  A swamp drake (Lair:3)
  31 orc warriors
  A black bear (Lair:2)
  3 phantoms
  4 sky beasts
  5 eyes of draining
  A necrophage (D:8)
  13 centaurs
  12 ogres
  34 wolves
  13 crocodiles
  4 big kobolds
  A big kobold (shapeshifter) (D:12)
  16 bullfrogs
  6 scorpions
  A wyvern skeleton (D:11)
  16 killer bees
  8 wights
  An electric eel (D:9)
  A howler monkey (D:10)
  6 crimson imps
  A bullfrog zombie (D:11)
  6 hounds
  3 lava snakes (Volcano)
  A quasit (D:9)
  2 jellies
  5 bullfrog skeletons
  15 orc priests
  8 iguanas
  Ijyb (D:3)
  27 orc wizards
  Natasha (D:4)
  11 worker ants
  2 hell rats (Lair:2)
  2 hound zombies
  A hound skeleton (D:10)
  2 worker ant zombies (D:8)
  10 adders
  35 river rats
  2 shadow imps
  An ooze (D:3)
  An adder zombie (D:6)
  An adder skeleton (D:5)
  6 worms
  A dart slug (D:2)
  8 leopard geckos
  95 orcs
  A ball python (D:1)
  18 bats
  11 giant cockroaches
  12 goblins
  10 hobgoblins
  7 jackals
  5 quokkas
  5 frilled lizards
  20 kobolds
  A leopard gecko skeleton (D:8)
  2 quokka skeletons (D:5)
  A quokka zombie (D:6)
  16 rats
  3 plants
998 creatures vanquished.

Vanquished Creatures (collateral kills)
  Gastronok (Lair:2)
  An acid blob (Slime:1)
  A thorn hunter (Lair:2)
  A hydra (Lair:2)
  A spiny frog (Lair:2)
  2 slime creatures (Slime:4)
  The ghost of TugoseryaHuesosov the Cleaver, an amateur HOGl (D:4)
  Blork the orc (D:4)
  An iguana (Lair:2)
  An adder (D:4)
  2 orcs
  A goblin (D:3)
  2 briar patches (Lair:2)
  A fungus (Lair:2)
17 creatures vanquished.

Vanquished Creatures (others)
  A hill giant (D:13)
  2 deep elf magi
  2 slime creatures (Slime:1)
  A centaur simulacrum (D:13)
  A water moccasin (D:4)
  An ice beast (D:5)
  A black bear (D:6)
  A crocodile (Lair:6)
  A hound (D:4)
  2 orc wizards
  Natasha (D:4)
  A worker ant (D:6)
  A leopard gecko (D:4)
  3 orcs
  A quokka (D:4)
  A frilled lizard (D:4)
  2 briar patches (Lair:2)
  10 fungi
  13 plants
46 creatures vanquished.

Grand Total: 1061 creatures vanquished

Notes
Turn   | Place    | Note
-------+----------+-------------------------------------------
     0 | D:1      | Bekkur the Demonspawn Artificer began the quest for the Orb.
     0 | D:1      | Reached XP level 1. HP: 15/15 MP: 3/3
   444 | D:1      | Gained mutation: You are surrounded by a mild repulsion field. (EV +2) [demonic ancestry]
   444 | D:1      | Reached XP level 2. HP: 19/21 MP: 4/4
  1052 | D:1      | Reached XP level 3. HP: 24/26 MP: 6/6
  1395 | D:2      | Gained mutation: You are robust. (+10% HP) [potion of mutation]
  1395 | D:2      | Gained mutation: You possess an exceptional clarity of mind. [potion of mutation]
  1395 | D:2      | Gained mutation: You have a pair of small horns on your head. [potion of mutation]
  2087 | D:2      | Gained mutation: You are slightly more attuned to the shadows. [demonic ancestry]
  2087 | D:2      | Reached XP level 4. HP: 35/35 MP: 7/7
  2133 | D:2      | Reached skill level 5 in Evocations
  2253 | D:2      | Reached skill level 1 in Stealth
  3120 | D:3      | Noticed Ijyb
  3162 | D:3      | Killed Ijyb
  3162 | D:3      | Reached XP level 5. HP: 34/40 MP: 8/8
  3522 | D:3      | Noticed a centaur
  3528 | D:3      | Killed a centaur
  3528 | D:3      | Reached XP level 6. HP: 42/47 MP: 9/9
  3916 | D:4      | Noticed a porcupine
  3916 | D:4      | a scorpion changed into a porcupine
  4229 | D:4      | Reached skill level 5 in Stealth
  4273 | D:4      | Reached skill level 1 in Short Blades
  4567 | D:4      | Noticed Natasha
  4578 | D:4      | Your ally died
  4599 | D:4      | Noticed Blork the orc
  4680 | D:4      | a porcupine changed into a killer bee
  4702 | D:4      | Killed Blork the orc
  4702 | D:4      | Lost mutation: You have a pair of small horns on your head. [demonic ancestry]
  4702 | D:4      | Gained mutation: You have a pair of small antennae on your head. [demonic ancestry]
  4702 | D:4      | Reached XP level 7. HP: 38/52 MP: 10/10
  4774 | D:4      | Noticed Pikel
  4795 | D:4      | Noticed Pikel
  4795 | D:4      | Pikel changed into Pikel the fire bat
  4796 | D:4      | Noticed TugoseryaHuesosov's ghost (amateur HOGl)
  4796 | D:4      | Noticed Pikel
  4796 | D:4      | Pikel the fire bat changed into Pikel the water moccasin
  4806 | D:4      | Killed TugoseryaHuesosov's ghost
  4844 | D:4      | Killed Pikel the water moccasin
  4955 | D:4      | Noticed Natasha
  4958 | D:4      | Killed Natasha
  4995 | D:5      | Entered Level 5 of the Dungeon
  5504 | D:5      | Found a hazy altar of Hepliaklqana.
  5528 | D:5      | Reached skill level 5 in Short Blades
  5663 | D:5      | Found an opulent altar of Gozag.
  5669 | D:5      | Found an ancient bone altar of Kikubaaqudgha.
  5672 | D:5      | Found a blossoming altar of Fedhas.
  5905 | D:5      | Noticed TugoseryaHuesosov's ghost (amateur DEAE)
  6155 | D:6      | Reached skill level 1 in Shields
  6155 | D:6      | Gained mutation: You are surrounded by a moderate repulsion field. (EV +3) [demonic ancestry]
  6155 | D:6      | Reached XP level 8. HP: 33/59 MP: 11/11
  6926 | D:7      | Found Zujynol's Armour Shoppe.
  6946 | D:7      | Found a snail-covered altar of Cheibriados.
  7015 | D:7      | Found a sparkling altar of Nemelex Xobeh.
  7047 | D:7      | Got a polished falchion
  7048 | D:7      | Identified the +8 falchion of Circularity {freeze, rN+ Dex+7} (You found it on level 7 of the Dungeon)
  7097 | D:7      | Reached skill level 1 in Long Blades
  7133 | D:7      | Found a sacrificial altar of Ru.
  7220 | D:7      | Found a staircase to the Ecumenical Temple.
  7228 | Temple   | Entered the Ecumenical Temple
  7416 | D:7      | Found Dimofi Mera's Antique Weapon Emporium.
  7438 | D:7      | Found Taifi's General Store.
  7445 | D:7      | Bought the cursed +0 pair of boots of Niepn {Regen+} for 102 gold pieces
  7673 | D:7      | Found Beerasche's Book Boutique.
  7875 | D:7      | Gained mutation: You have a pair of antennae on your head. [mutagenic meat]
  7878 | D:7      | Gained mutation: Your spells are a little easier to cast, but a little less powerful. [mutagenic meat]
  7881 | D:7      | Gained mutation: Scrolls take you a little longer to read. [mutagenic meat]
  7884 | D:7      | Lost mutation: You possess an exceptional clarity of mind. [mutagenic meat]
  7887 | D:7      | Lost mutation: You are robust. (+10% HP) [mutagenic meat]
  8289 | D:8      | Noticed Grum
  8293 | D:8      | Reached XP level 9. HP: 54/61 MP: 12/12
  8306 | D:8      | Killed Grum
  8313 | D:8      | Reached skill level 5 in Long Blades
  8352 | D:8      | Found a burning altar of Makhleb.
  8621 | D:8      | Found a staircase to the Lair.
  9232 | D:9      | Noticed drd's ghost (novice OpAs)
  9270 | D:9      | Killed drd's ghost
  9270 | D:9      | Gained mutation: You are surrounded by a strong repulsion field. (EV +4, RMsl) [demonic ancestry]
  9270 | D:9      | Reached XP level 10. HP: 29/67 MP: 13/13
  9371 | D:9      | Found Fuwidot's Weapon Shop.
  9757 | D:9      | Reached skill level 2 in Dodging
  9769 | D:9      | Reached skill level 3 in Dodging
  9776 | D:9      | Reached skill level 4 in Dodging
  9960 | D:9      | Reached skill level 5 in Dodging
 10033 | D:10     | Entered Level 10 of the Dungeon
 10198 | D:10     | Noticed a cyclops
 10214 | D:10     | Killed a cyclops
 10214 | D:10     | Reached skill level 6 in Dodging
 10354 | D:10     | Reached skill level 7 in Dodging
 10372 | D:10     | Noticed a hill giant
 10384 | D:10     | Killed a hill giant
 10384 | D:10     | Gained mutation: You have a pair of large antennae on your head. (SInv) [demonic ancestry]
 10384 | D:10     | Reached XP level 11. HP: 72/72 MP: 14/14
 10561 | D:10     | Noticed a hill giant
 10660 | D:10     | Killed a hill giant
 10660 | D:10     | Reached skill level 8 in Dodging
 11322 | D:11     | Found a roughly hewn altar of Beogh.
 11340 | D:11     | Reached skill level 9 in Dodging
 11437 | D:11     | Found a staircase to the Orcish Mines.
 11577 | D:11     | Noticed a brown ugly thing
 11590 | D:11     | Killed a brown ugly thing
 11597 | D:11     | Gained mutation: You are resistant to hostile enchantments. (MR+) [mutagenic meat]
 11945 | D:12     | Noticed a hill giant
 11954 | D:12     | Killed a hill giant
 11954 | D:12     | Reached skill level 10 in Dodging
 11991 | D:12     | Noticed a hill giant
 12003 | D:12     | Killed a hill giant
 12077 | D:12     | Found a frozen archway.
 12181 | IceCv    | Entered an ice cave
 12375 | IceCv    | Reached skill level 11 in Dodging
 12499 | IceCv    | Gained mutation: Your flesh is cold resistant. (rC+) [demonic ancestry]
 12499 | IceCv    | Reached XP level 12. HP: 78/78 MP: 15/15
 12571 | IceCv    | Noticed a death yak
 12593 | IceCv    | Killed a death yak
 12820 | IceCv    | Reached skill level 5 in Fighting
 12839 | IceCv    | Noticed a death yak
 12891 | IceCv    | Killed a death yak
 13074 | IceCv    | Noticed a frost giant
 13074 | IceCv    | Noticed a death yak
 13090 | IceCv    | Killed a death yak
 13114 | IceCv    | Killed a frost giant
 13182 | IceCv    | Upgraded the game from 0.19-a0-1790-g026f1ef to 0.19-a0-1803-g97ff39f
 13184 | IceCv    | Got an ichor-stained quarterstaff
 13728 | D:12     | Found a sacrificial altar of Ru.
 13760 | D:12     | Reached skill level 5 in Shields
 13855 | D:12     | Gained mutation: Your body sometimes deteriorates upon taking damage. [mutagenic meat]
 13864 | D:12     | Gained mutation: Your flesh is heat resistant. (rF+) [mutagenic meat]
 14241 | D:12     | Found a portal to a secret trove of treasure.
 14314 | D:13     | Noticed a centaur warrior
 14325 | D:13     | Killed a centaur warrior
 14359 | D:13     | Reached XP level 13. HP: 91/100 MP: 16/16
 14755 | D:13     | Gained mutation: You are resistant to electric shocks. (rElec) [mutagenic meat]
 14809 | D:13     | Reached skill level 10 in Long Blades
 14920 | D:13     | Gained mutation: Your muscles are strong. (Str +2) [mutagenic meat]
 14996 | D:13     | Found a gate to the Vaults.
 15604 | D:7      | Bought a bloodstained dagger for 154 gold pieces
 15606 | D:7      | Identified the cursed +0 dagger of the Foremost Moons {pierce, rElec Str-4 Int+4 Dex+2} (You bought it in a shop on level 7 of the Dungeon)
 16120 | D:14     | Identified a scroll of acquirement
 16120 | D:14     | Got a steaming cloak
 16131 | D:14     | Identified the +0 cloak "Naefuuf" {MR+} (You acquired it on level 14 of the Dungeon)
 16780 | Lair:1   | Entered Level 1 of the Lair of Beasts
 16804 | Lair:1   | Got a pitted glass ring
 16806 | Lair:1   | Identified the ring "Ehibyi" {Fire Int+4} (You found it on level 1 of the Lair of Beasts)
 16842 | Lair:1   | Found a labyrinth entrance.
 16886 | Lab      | Entered a labyrinth
 17036 | Lab      | Noticed a minotaur
 17042 | Lab      | Killed a minotaur
 17703 | Lair:2   | Noticed a thorn hunter
 17725 | Lair:2   | Noticed Gastronok
 17737 | Lair:2   | Killed a thorn hunter
 17755 | Lair:2   | Killed Gastronok
 17755 | Lair:2   | Gained mutation: You sometimes gain a little power by taking damage. [demonic ancestry]
 17755 | Lair:2   | Reached XP level 14. HP: 41/106 MP: 18/18
 17852 | Lair:2   | Found a staircase to the Swamp.
 17957 | Lair:2   | Found a hole to the Spider Nest.
 17974 | Lair:2   | Noticed Urug
 17994 | Lair:2   | Killed Urug
 18711 | Lair:3   | Noticed Harold
 18730 | Lair:3   | Killed Harold
 18988 | Lair:3   | Found a dark tunnel.
 18996 | Volcano  | Entered a volcano
 19202 | Volcano  | Found a burning altar of Makhleb.
 19220 | Volcano  | Found a burning altar of Makhleb.
 19247 | Volcano  | Got a pair of twisted boots
 19273 | Volcano  | Identified the +2 pair of boots "Afadeat" {Int+2} (You found it in a volcano)
 20324 | Lair:4   | Noticed Nessos
 20353 | Lair:4   | Killed Nessos
 20640 | Lair:4   | Reached skill level 12 in Dodging
 21385 | Lair:5   | Found a staircase to the Slime Pits.
 21829 | Lair:5   | Paralysed by a hornet for 1 turns
 21955 | Slime:1  | Entered Level 1 of the Pits of Slime
 21961 | Slime:1  | Mutation became permanent: You have a pair of large antennae on your head. (SInv) [demonic ancestry]
 21961 | Slime:1  | Reached XP level 15. HP: 112/112 MP: 20/20
 21970 | Slime:1  | Noticed an azure jelly
 22183 | Orc:1    | Entered Level 1 of the Orcish Mines
 22525 | Orc:2    | Entered Level 2 of the Orcish Mines
 22780 | Orc:2    | Noticed Maurice
 22789 | Orc:2    | Killed Maurice
 22792 | Orc:2    | Found a staircase to the Elven Halls.
 23392 | Orc:2    | Reached skill level 13 in Dodging
 23598 | Orc:2    | Found Gudghoytt's Weapon Emporium.
 23598 | Orc:2    | Found Nys Piso's Magic Scroll Boutique.
 23627 | Orc:2    | Found Xizijiapn's Magic Scroll Emporium.
 23627 | Orc:2    | Found Hegawit's Antique Armour Boutique.
 23634 | Orc:2    | Bought a scroll of identify for 26 gold pieces
 23634 | Orc:2    | Bought a scroll of identify for 26 gold pieces
 23648 | Orc:2    | Lost mutation: Scrolls take you a little longer to read. [potion of beneficial mutation]
 23652 | Orc:2    | Bought a scroll of identify for 24 gold pieces
 23746 | Elf:1    | Entered Level 1 of the Elven Halls
 23746 | Elf:1    | Found Olig Xof's Jewellery Shoppe.
 23807 | Elf:1    | Found Erihuacs's Distillery.
 23811 | Elf:1    | Found Jeiset's Weapon Shoppe.
 23811 | Elf:1    | Found Tux Dupt's Magic Scroll Emporium.
 23814 | Elf:1    | Found Awkecet's Gadget Emporium.
 23926 | Elf:1    | Noticed Nikola
 23958 | Elf:1    | Killed Nikola
 24076 | Elf:1    | Got a pair of dazzling gloves
 24089 | Elf:1    | Identified the +1 pair of gloves "Deutizo" {-Cast Regen+ Dex+3} (You took it off Nikola on level 1 of the Elven Halls)
 24179 | Elf:1    | Reached skill level 15 in Long Blades
 24314 | Elf:1    | Reached skill level 14 in Dodging
 25020 | Elf:2    | Gained mutation: Your magical capacity is low. (-10% MP) [mutagenic meat]
 25023 | Elf:2    | Gained mutation: Your flesh is very cold resistant. (rC++) [mutagenic meat]
 25266 | Elf:2    | Reached XP level 16. HP: 119/119 MP: 19/19
 25587 | Lair:6   | Entered Level 6 of the Lair of Beasts
 25780 | Lair:6   | Reached skill level 15 in Dodging
 25860 | Lair:6   | Noticed Rupert
 25908 | Lair:6   | Killed Rupert
 26096 | Lair:6   | Upgraded the game from 0.19-a0-1803-g97ff39f to 0.19-a0-1820-gbf060b2
 26102 | Lair:6   | Noticed Proteus's ghost (journeyman SpAs)
 26172 | Lair:6   | Killed Proteus's ghost
 26402 | Lair:6   | Got a bloodstained robe
 26422 | Lair:6   | Identified the cursed +1 robe "Ygruobb" {Regen+ MP+9} (You found it on level 6 of the Lair of Beasts)
 26791 | Lair:6   | Reached skill level 16 in Dodging
 27209 | Slime:1  | Gained mutation: You expend magic power (3 MP) to strengthen your wands. [a shining eye]
 27220 | Slime:1  | Gained mutation: Your spells are easier to cast, but less powerful. [a shining eye]
 27265 | Slime:1  | Noticed an acid blob
 27280 | Slime:1  | Killed an acid blob
 27447 | Slime:1  | Noticed an acid blob
 27467 | Slime:1  | Killed an acid blob
 27467 | Slime:1  | Reached skill level 10 in Fighting
 27883 | Slime:2  | Noticed an acid blob
 27888 | Slime:2  | Noticed an acid blob
 27907 | Slime:1  | Killed an acid blob
 28031 | Slime:1  | Killed an acid blob
 28097 | Slime:2  | Gained mutation: You tend to lose your temper in combat. [a shining eye]
 28101 | Slime:2  | Lost mutation: Your body sometimes deteriorates upon taking damage. [a shining eye]
 28103 | Slime:2  | Reached XP level 17. HP: 129/129 MP: 20/20
 28200 | Slime:2  | Gained mutation: You are clumsy. (Dex -2) [a shining eye]
 28661 | Slime:3  | Noticed an acid blob
 28674 | Slime:3  | Killed an acid blob
 28686 | Slime:3  | Noticed an acid blob
 28698 | Slime:3  | Killed an acid blob
 28698 | Slime:3  | Reached skill level 10 in Stealth
 29488 | Slime:4  | Noticed Dissolution
 29519 | Slime:4  | Gained mutation: You often lose your temper in combat. [a shining eye]
 29524 | Slime:4  | Paralysed by a floating eye for 4 turns
 29527 | Slime:4  | Mangled by a slime creature

Vault maps used:
D:1:      saegor_arrival_simple_a
D:2:      hangedman_decor_growths, minivault_11, dk_noncrumbling_4
D:3:      kennysheep_the_goblin_king, serial_bayou_pond_c
D:4:      elyvilon_altar_4, uniq_natasha, uniq_pikel, uniq_blork_the_orc
D:5:      minmay_overflow_temple_star_quad, lemuel_doored_altar, first_bread
D:7:      marbit_many_paths, grunt_temple_overflow_open, serial_shops,
          nicolae_shop_stone, shop_coins, shop, nicolae_shop_window_shopping
D:8:      grunt_lair_entry_orc_guard_hut, basic_altar,
          hangedman_pestilent_swarm, uniq_grum
D:9:      serial_shops, shop, minivault_4
D:10:     nicolae_two_hexagons, kennysheep_potato
D:11:     david_orc_5, evilmike_minifort
D:12:     portal_ice_cave_entry_ice_beasts, enter_trove_3,
          minmay_misc_feat_rows, nicolae_ru_path_of_blood
D:13:     david_vaults_5, minmay_protected_statue
D:14:     cheibrodos_orc_bank, hangedman_decor_points, item_on_display_a
Temple:   dshaligram_water_room_temple
Lair:1:   lab_entry_generic, eino_small_chamber_without_monster,
          beast_lair_carwin_9
Lair:2:   kennysheep_rathole, swamp_mist, nicolae_spider_entry_non_spiders,
          columned_hall_lemuel, uniq_urug, uniq_gastronok
Lair:3:   nicolae_volcano_entry_batcave, pond, uniq_harold
Lair:4:   uniq_nessos
Lair:5:   minmay_slime_entry_oklob_open, minivault_25, grunt_megastairs_4
Lair:6:   gammafunk_lair_ancient_temple, st_stairs_13, uniq_rupert
Slime:3:  nicolae_slime_barrier
Slime:4:  uniq_dissolution
Orc:2:    grunt_orc_tribal_feast, uniq_maurice
Elf:1:    serial_shops, shop_fountains, minivault_28, minmay_shoptagon,
          uniq_nikola
IceCv:    ice_cave_caverns_01
Volcano:  volcano_grotto

Skill      XL: |  1  2  3  4  5  6  7  8  9 10 11 12 13 14 15 16 17 |
---------------+----------------------------------------------------+-----
Evocations     | 4 5 7 |  7.0
Stealth        | 2 4 5 7 8 9 10 | 10.7
Short Blades   | 3 5 6 |  6.9
Shields        | 1 3 4 6 7 |  7.0
Long Blades    | 3 8 9 12 14 15 | 15.8
Dodging        | 7 11 12 14 16 | 16.0
Fighting       | 8 10 11 | 11.6

Action                   |  1- 3 |  4- 6 |  7- 9 | 10-12 | 13-15 | 16-18 || total
-------------------------+-------+-------+-------+-------+-------+-------++-------
Melee: Short sword       |   174 |   233 |   251 |       |       |       ||   658
       Headbutt          |     8 |    54 |       |       |       |       ||    62
       Falchion          |       |       |   212 |   892 |  1878 |  1023 ||  4005
       Dagger            |       |       |       |       |    26 |    19 ||    45
       Long sword        |       |       |       |       |    20 |    41 ||    61
Evoke: Wand              |    14 |    24 |    21 |     9 |    24 |    10 ||   102
       Fan of gales      |       |       |       |     1 |     3 |       ||     4
       Box of beasts     |       |       |       |       |     1 |       ||     1
       Phial of floods   |       |       |       |       |     1 |       ||     1
  Use: Scroll            |     6 |     2 |     9 |     5 |    22 |     3 ||    47
       Potion            |     1 |     1 |     4 |     5 |    12 |     2 ||    25
 Stab: Sleeping          |     3 |    10 |    15 |    17 |    47 |    18 ||   110
       Distracted        |       |     1 |     2 |     1 |    11 |     4 ||    19
  Eat: Chunk             |     4 |     7 |    16 |    25 |    38 |     6 ||    96
       Beef jerky        |       |     1 |     1 |       |     2 |     2 ||     6
       Royal jelly       |       |       |     1 |       |       |       ||     1
       Fruit             |       |       |       |       |     2 |       ||     2
       Pizza             |       |       |       |       |     1 |       ||     1
       Meat ration       |       |       |       |       |       |     3 ||     3
Armor: Leather armour    |    51 |    61 |    51 |    32 |    67 |    18 ||   280
       Skin              |       |       |     4 |       |       |       ||     4
       Robe              |       |       |       |       |       |    25 ||    25
Dodge: Dodged            |   133 |   147 |   322 |   736 |  1431 |   984 ||  3753
       Deflected         |       |       |       |     7 |    11 |    11 ||    29
Block: Buckler           |       |       |    71 |   259 |   530 |   361 ||  1221
       Rpst.: Falchion   |       |       |    45 |   194 |   365 |   219 ||   823
       Long sword        |       |       |       |       |     1 |    10 ||    11
